Map: Lost and Found LE

Players

SortOf - Winner!

  • Race: Zerg Zerg
  • Spawn Location: 1:00

InZaNe

  • Race: Terran Terran
  • Spawn Location: 7:00

Event: WCS Valencia 2018

VOD

Have the link to the VOD?

Description

Time

  • Played on: July 12, 2018, 10:03 a.m.
  • Length: 13:55

All games in this series

Show
View Real Time Build Order
Export as new Build Order

SortOf Zerg - Winner!

Build Orders: Hatch First, Brood Lord Corruptor 

Get SALT Encoding   

  12  0:00  Drone  
  13  0:13  Overlord  
  13  0:17  Drone  
  14  0:31  Drone  
  14  0:34  Drone  
  16  0:50  Hatchery  
  16  0:52  Drone  
  16  0:55  Drone  
  17  0:58  Drone  
  18  1:09  Extractor  
  17  1:13  Spawning Pool  
  17  1:16  Drone  
  17  1:20  Drone  
  18  1:28  Drone  
  19  1:39  Drone  
  20  1:50  Overlord  
  20  2:02  Queen x2  
  20  2:03  Zergling x4  
  26  2:12  Metabolic Boost, Drone  
  26  2:14  Drone  
  28  2:23  Drone  
  28  2:28  Drone  
  30  2:34  Overlord  
  30  2:35  Drone  
  31  2:37  Queen  
  31  2:43  Queen  
  35  2:45  Drone  
  36  2:54  Drone  
  36  2:57  Drone  
  38  3:09  Hatchery, Drone  
  38  3:13  Overlord, Drone x2  
  38  3:15  Drone x2  
  38  3:19  Drone  
  43  3:22  Drone  
  44  3:28  Overlord  
  44  3:34  Drone x2  
  45  3:35  Zergling x2  
  45  3:36  Zergling x2  
  48  3:43  Drone  
  48  3:44  Queen  
  51  3:53  Drone x3  
  51  3:54  Drone  
  55  3:58  Drone x3  
  55  3:59  Overlord  
  58  4:06  Lair  
  58  4:07  Roach Warren  
  58  4:09  Extractor  
  56  4:10  Spore Crawler  
  56  4:11  Overlord  
  56  4:12  Overlord  
  55  4:20  Queen  
  55  4:22  Zergling x6  
  58  4:25  Drone x2  
  58  4:29  Drone x3  
  63  4:35  Drone  
  63  4:36  Spore Crawler  
  64  4:38  Drone  
  64  4:41  Drone  
  64  4:44  Drone x2  
  67  4:50  Overlord x2  
  67  4:51  Drone  
  68  4:56  Drone x6  
  74  5:02  Evolution Chamber  
  74  5:03  Overseer  
  74  5:06  Overlord  
  73  5:09  Drone x4  
  73  5:13  Extractor  
  75  5:15  Overlord  
  75  5:17  Evolution Chamber  
  75  5:20  Roach x3  
  75  5:21  Roach  
  82  5:28  Roach x2  
  86  5:29  Spore Crawler  
  86  5:30  Roach  
  86  5:32  Roach  
  86  5:33  Roach  
  86  5:34  Roach  
  93  5:37  Roach x2  
  93  5:39  Roach  
  97  5:51  Roach x2  
  99  6:02  Drone x9  
  104  6:06  Glial Reconstitution  
  104  6:09  Drone x2  
  106  6:14  Extractor, Drone x5  
  110  6:18  Overseer  
  110  6:23  Overlord  
  110  6:24  Drone  
  110  6:25  Drone  
  111  6:30  Drone x2  
  111  6:32  Extractor  
  112  6:33  Extractor  
  112  6:39  Hatchery  
  106  6:41  Zergling x2, Infestation Pit, Drone x2  
  106  6:42  Hydralisk Den, Drone  
  106  6:43  Zerg Missile Weapons Level 1  
  109  6:47  Drone  
  109  6:48  Drone  
  109  6:50  Overlord  
  108  6:57  Drone x4  
  110  7:02  Zerg Ground Armor Level 1  
  110  7:14  Overlord  
  110  7:20  Overlord, Hatchery  
  110  7:21  Hive  
  109  7:36  Drone  
  109  7:39  Hydralisk x6  
  109  7:41  Overlord  
  121  7:46  Grooved Spines  
  121  7:48  Drone  
  121  7:50  Drone x13  
  135  7:57  Overlord  
  135  7:58  Overlord, Pneumatized Carapace  
  135  8:02  Hydralisk x3  
  141  8:09  Hydralisk x2  
  141  8:12  Extractor  
  144  8:17  Overseer  
  144  8:18  Drone x2  
  144  8:19  Extractor, Drone  
  146  8:29  Overlord  
  146  8:30  Spire  
  146  8:34  Overlord x2  
  145  8:35  Overlord  
  145  8:43  Zerg Missile Weapons Level 2  
  145  8:45  Viper  
  148  8:49  Overlord, Extractor  
  148  8:50  Evolution Chamber  
  148  8:51  Spine Crawler  
  148  8:52  Spine Crawler, Extractor, Evolution Chamber  
  148  8:53  Drone x3  
  148  8:54  Drone x3  
  148  8:56  Overlord  
  148  9:05  Hydralisk  
  148  9:06  Hydralisk x7  
  164  9:10  Overlord, Spine Crawler  
  164  9:11  Spine Crawler  
  162  9:23  Viper  
  162  9:24  Viper  
  168  9:43  Greater Spire, Baneling Nest  
  166  9:53  Zerg Ground Armor Level 2  
  166  9:54  Hydralisk x8  
  182  10:01  Hatchery, Overseer  
  182  10:02  Hatchery  
  182  10:04  Adrenal Glands  
  180  10:12  Zergling x34  
  189  10:41  Corruptor x8, Roach  
  164  10:54  Hydralisk x3  
  164  10:55  Centrifical Hooks  
  164  10:56  Zerg Flyer Weapons Level 1  
  168  10:59  Drone x4  
  168  11:00  Drone  
  173  11:07  Overlord  
  173  11:17  Brood Lord x4  
  181  11:24  Brood Lord x2  
  185  11:30  Brood Lord  
  187  11:40  Brood Lord, Corruptor x2  
  187  11:45  Zergling x4  
  187  11:46  Zergling x6  
  198  12:03  Zergling x4  
  198  12:07  Overseer  
  200  12:08  Overseer  
  196  12:17  Corruptor x2  
  198  12:33  Baneling x14  
  198  12:35  Corruptor  
  191  13:17  Zergling x34  
Show
View Real Time Build Order
Export as new Build Order

InZaNe Terran 

Build Orders: Hellion Opening, Reaper Expand, Bio Tank, Mech 

Get SALT Encoding   

  12  0:00  SCV  
  13  0:13  SCV  
  14  0:16  Supply Depot  
  14  0:25  SCV  
  15  0:38  SCV  
  15  0:39  Barracks  
  16  0:44  Refinery  
  16  0:50  SCV  
  17  1:02  SCV  
  18  1:14  SCV  
  19  1:26  Orbital Command  
  19  1:27  Reaper  
  20  1:40  Command Center  
  20  1:49  Supply Depot  
  20  1:53  SCV  
  21  1:59  Marine  
  22  2:08  SCV  
  23  2:13  Factory  
  23  2:17  Refinery  
  23  2:20  SCV  
  23  2:21  Barracks Reactor  
  24  2:32  SCV  
  26  2:44  SCV  
  26  2:49  Engineering Bay  
  26  2:53  Orbital Command  
  26  2:56  SCV  
  27  3:04  Starport  
  27  3:08  SCV  
  27  3:09  Hellion x2  
  27  3:10  Barracks Tech Lab  
  32  3:19  SCV  
  33  3:20  SCV  
  34  3:27  Supply Depot  
  34  3:31  SCV  
  34  3:32  Hellion x2  
  39  3:36  SCV  
  40  3:43  SCV  
  41  3:48  SCV, Viking  
  41  3:49  Supply Depot  
  41  3:53  Hellion  
  46  3:56  Hellion  
  46  4:00  SCV  
  46  4:01  SCV  
  49  4:12  Armory, SCV  
  49  4:13  SCV  
  49  4:15  Hellion  
  53  4:18  Hellion  
  53  4:22  Supply Depot  
  55  4:24  SCV  
  55  4:25  SCV  
  55  4:28  Medivac  
  59  4:33  Barracks Tech Lab  
  59  4:36  SCV  
  59  4:37  SCV  
  61  4:44  Hellion x2  
  65  4:45  Command Center  
  65  4:51  Supply Depot  
  65  4:54  SCV x2  
  65  4:57  Refinery  
  65  4:58  Refinery  
  65  4:59  Terran Vehicle Weapons Level 1  
  67  5:08  Liberator  
  67  5:09  Hellion  
  67  5:12  SCV x2, Hellion  
  73  5:24  SCV  
  73  5:25  SCV  
  78  5:34  Hellion x5  
  77  5:36  Supply Depot  
  77  5:37  SCV  
  77  5:39  SCV  
  83  5:44  Cyclone x2  
  83  5:49  SCV  
  84  5:51  SCV  
  83  5:59  Factory  
  83  6:00  Factory  
  83  6:01  SCV  
  73  6:08  Orbital Command  
  73  6:09  SCV  
  73  6:11  Starport Reactor  
  73  6:13  SCV  
  74  6:19  Engineering Bay, Hellion x2  
  74  6:20  Engineering Bay  
  74  6:21  SCV  
  74  6:25  SCV  
  80  6:26  Barracks Tech Lab  
  80  6:33  SCV  
  80  6:36  Orbital Command  
  80  6:37  SCV  
  80  6:41  Hellion x2  
  80  6:43  Refinery x2  
  80  6:44  Siege Tank  
  80  6:45  Siege Tank, SCV  
  91  6:47  Terran Infantry Weapons Level 1, Terran Infantry Armor Level 1  
  91  6:49  Stimpack, SCV, Marine  
  93  6:57  SCV  
  94  7:01  SCV  
  94  7:06  Barracks x2  
  94  7:07  Starport Reactor  
  95  7:08  Barracks  
  95  7:09  SCV  
  95  7:13  Barracks  
  95  7:14  SCV  
  97  7:17  SCV  
  97  7:19  Supply Depot  
  97  7:21  SCV, Marine  
  100  7:27  Siege Tank x2, SCV  
  100  7:29  SCV  
  108  7:34  SCV  
  108  7:36  Hellion  
  108  7:39  Supply Depot  
  108  7:41  SCV, Hellion  
  108  7:42  Supply Depot, Marine  
  108  7:43  Supply Depot x2  
  112  7:51  SCV x2  
  114  7:52  Terran Vehicle Weapons Level 2  
  114  7:53  SCV  
  114  7:57  Starport Reactor, Barracks Reactor  
  115  7:59  Siege Tank x2  
  115  8:00  Marine x3  
  115  8:05  Supply Depot  
  124  8:08  Marine x2  
  126  8:13  Supply Depot  
  126  8:14  Supply Depot  
  126  8:15  Supply Depot, Factory Tech Lab  
  126  8:18  Marine x2  
  124  8:20  Marine  
  124  8:22  Marine x2  
  124  8:26  Supply Depot, Marine x2  
  129  8:27  Supply Depot  
  129  8:33  Siege Tank  
  129  8:34  Siege Tank  
  135  8:36  Marine  
  135  8:37  Siege Tank, Marine  
  135  8:38  Marine  
  137  8:41  Marine  
  137  8:42  Marine x3  
  137  8:47  Marine, Medivac x2  
  138  8:49  Marine  
  138  8:50  Combat Shield  
  138  8:54  Marine  
  140  8:56  Marine x2  
  140  8:59  Marine x2  
  140  9:01  Marine  
  146  9:05  Marine  
  146  9:06  Marine  
  154  9:12  Marine  
  154  9:13  Terran Infantry Armor Level 2, Terran Infantry Weapons Level 2  
  154  9:14  Marine x2  
  150  9:17  Medivac x2  
  150  9:22  Marine x4  
  158  9:30  Marine x3  
  161  9:32  Marine  
  161  9:35  Marine  
  166  9:38  Siege Tank  
  166  9:40  Marine x2  
  166  9:41  Command Center  
  166  9:42  Marine  
  166  9:43  Marine  
  167  9:53  Marine x5  
  167  9:57  Siege Tank x2  
  167  9:58  Marine x2  
  180  10:00  Marine x2  
  180  10:02  Medivac x2  
  186  10:10  Siege Tank  
  186  10:11  Marine x5  
  188  10:15  Marine  
  188  10:19  Marauder  
  190  10:23  Marine x2  
  191  10:29  Marine x2  
  191  10:30  Marine  
  191  10:31  Marine x2  
  191  10:32  Medivac x2  
  191  10:33  Marine  
  188  10:38  Siege Tank  
  188  10:40  Marine  
  188  10:41  Marine x2  
  149  10:46  Marine  
  149  10:47  Marine  
  149  10:48  Marine x2  
  149  10:49  Marine  
  127  10:51  Marine  
  127  10:54  Siege Tank x2  
  128  10:57  Marine  
  128  10:59  Marine x2  
  131  11:04  Marine x2  
  131  11:06  Marine x2  
  131  11:07  Marine, Medivac x2  
  131  11:09  Marine  
  141  11:15  Marine  
  141  11:17  Marine, Reaper  
  144  11:22  Siege Tank, Marine x2  
  144  11:24  Planetary Fortress, Marine x2  
  144  11:25  Marine  
  151  11:26  Siege Tank  
  151  11:27  Marine  
  151  11:29  Sensor Tower  
  156  11:33  Marine  
  156  11:35  Marine  
  158  11:40  Refinery, Marine x2  
  158  11:41  Refinery  
  158  11:43  Marine  
  158  11:44  Marine x3  
  164  11:49  Marine  
  164  11:51  Marauder  
  163  11:57  Marine  
  163  11:59  Marine x2  
  172  12:01  Marine x2  
  172  12:02  Marine  
  172  12:06  Marine  
  172  12:07  Marine  
  180  12:12  Marine  
  178  12:15  Marine  
  178  12:17  Marine  
  178  12:19  Marine  
  178  12:22  Medivac x2  
  184  12:24  Marine x2  
  184  12:25  Marine x3  
  180  12:30  Barracks  
  180  12:31  Marauder  
  180  12:32  Barracks x2  
  180  12:33  Thor x2, Marine  
  180  12:35  Marine  
  196  12:37  Marine  
  196  12:42  Marine  
  196  12:52  Viking x2  
  198  13:03  Marine  
  198  13:04  Marine x2  
  199  13:11  Marine x6  
  170  13:15  Unknown x5  
  152  13:21  Marine  
  152  13:22  Marine x2, Viking x2  
  171  13:29  Marine  
  171  13:30  Unknown x2  
  171  13:31  Command Center  
Tags
 
Add a new tag
Caveats
  • Supply blocks, unpowered buildings, or Contaminate may cause inaccurate times.
  • Supply counts are checked every 10 seconds.